 Dungeon Crawl Stone Soup version 0.29.1-15-g9cfb28693d (webtiles) character file.

Game seed: 6710580001019568692

3663 croobank the Ducker (level 10, -7/80 HPs)
             Began as a Djinni Fire Elementalist on Apr 28, 2023.
             Mangled by a two-headed ogre
             ... wielding a +0 giant spiked club
              (28 damage)
             ... on level 7 of the Dungeon.
             The game lasted 00:23:24 (11141 turns).

croobank the Ducker (Djinni Fire Elementalist)     Turns: 11141, Time: 00:23:25

Health: -7/80      AC:  9    Str:  7    XL:     10   Next: 34%
Gold:   221        EV: 18    Int: 21    God:
                   SH:  0    Dex: 26

rFire   + + +      SeeInvis .   a - +2 dagger (speed)
rCold   x . .      Faith    .   (no shield)
rNeg    . . .      Spirit   .   G - +2 leather armour {rF+}
rPois   ∞          Reflect  .   (no helmet)
rElec   .          Harm     .   N - +0 cloak
rCorr   .          Rampage  .   D - +0 pair of gloves
Will    +....      Clarity  +   (boots unavailable)
Stlth   ++++......              (no amulet)
HPRegen 0.23/turn               M - +6 ring of dexterity
MPRegen 0.00/turn               g - +6 ring of dexterity

@: flying
A: sickness immunity, fire resistance 3, cold vulnerability 1, float, innate
caster, HP casting, extra vitality 1, iridescent scales 1, clarity, robust 1
a: no special abilities


You were on level 7 of the Dungeon.
You visited 2 branches of the dungeon, and saw 9 of its levels.

You collected 314 gold pieces.
You spent 93 gold pieces at shops.

Inventory:

Hand Weapons
 a - a +2 dagger of speed (weapon)
 b - a +2 vorpal shortbow
 j - a +0 quarterstaff
 p - a +0 long sword of protection
 t - a +1 vorpal flail
 v - a +0 trident
 w - a +1 dagger of venom
 B - a +1 vampiric short sword
 C - a +0 morningstar
 E - a +6 dire flail of holy wrath
 I - a +2 war axe of freezing
Missiles
 q - 3 curare-tipped darts
 K - a throwing net
Armour
 D - a +0 pair of gloves (worn)
 G - a +2 leather armour of fire resistance (worn)
 N - a +0 cloak (worn)
 O - the +1 buckler of Histrionic Salvation {rC++ Stlth+}
   (You found it on level 8 of the Dungeon)

   rC:        It greatly protects you from cold.
   Stlth:     It makes you more stealthy.
Magical Staves
 y - a staff of air
Jewellery
 c - a ring of fire
 g - a +6 ring of dexterity (right hand)
 k - a ring of fire
 r - a +4 ring of evasion
 M - a +6 ring of dexterity (left hand)
Wands
 d - a wand of paralysis (3)
 n - a wand of flame (16)
Scrolls
 l - 2 scrolls of enchant weapon
 m - a scroll of fear
 s - a scroll of poison
 u - 2 scrolls of immolation
 z - 2 scrolls of teleportation
 L - a scroll of blinking
Potions
 e - 2 potions of invisibility
 f - 3 potions of brilliance
 h - a potion of curing
 i - 3 potions of mutation
 o - 2 potions of haste
 x - 3 potions of magic
 A - 3 potions of heal wounds
 F - a potion of berserk rage
 H - a potion of flight {unknown}
 J - 2 potions of degeneration {unknown}


   Skills:
 + Level 6.6 Fighting
 - Level 3.0 Armour
 + Level 7.7 Dodging
 + Level 6.4 Stealth
 * Level 1.9 Shields
 + Level 5.8 Spellcasting


You couldn't memorise any spells.
You knew the following spells:

 Your Spells              Type           Power      Damage    Failure   Level
a - Foxfire               Conj/Fire      100%       2x1d9     1%          1
b - Scorch                Fire           60%        2d8       1%          2
c - Conjure Flame         Conj/Fire      30%        6-21      4%          3
d - Inner Flame           Hex/Fire       30%        N/A       4%          3
e - Flame Wave            Conj/Fire      30%        2d9       13%         4
f - Magic Dart            Conj           100%       1d8       1%          1
g - Static Discharge      Conj/Air       30%        3-7/arc   1%          2
h - Stone Arrow           Conj/Erth      60%        3d10      4%          3
i - Cause Fear            Hex            15%        N/A       13%         4
Your spell library was empty.

Dungeon Overview and Level Annotations

Branches:
Dungeon (8/15)             Temple (1/1) D:6            Lair (0/5) D:8

Altars:
Ashenzari
Cheibriados
Dithmenos
Elyvilon
Fedhas
Gozag
Hepliaklqana
Nemelex Xobeh
Okawaru
Trog
Uskayaw
Wu Jian
Xom
Yredelemnul
The Shining One

Shops:
D:2 *   D:6 *

Annotations:
D:2 1 runed translucent door, Crazy Yiuf


Innate Abilities, Weirdness & Mutations

You are immune to sickness and miasma.
You are immune to poison.
Your flesh is almost immune to the effects of heat. (rF+++)
You are vulnerable to cold. (rC-)
You float through the air rather than walking.
You learn spells naturally, not from books.
Your magical power is your life essence.
You have superior vitality. (+4 MHP)
You are partially covered in iridescent scales. (AC +2)
You possess an exceptional clarity of mind.
You are robust. (+10% HP)


Message History

Casting: Scorch (safe; 1% risk of failure)
Confirm with . or Enter, or press ? or * to list all spells.
The yak is struck by an arc of lightning.
The yak is severely wounded.
The two-headed ogre is struck by an arc of lightning!
The two-headed ogre is moderately wounded.
The yak is struck by an arc of lightning.
The yak is severely wounded.
The lightning grounds out.
The two-headed ogre is struck by an arc of lightning.
The two-headed ogre is heavily wounded.
You are struck by an arc of lightning.
The yak is struck by an arc of lightning!
You kill the yak!
You are struck by an arc of lightning.
The lightning grounds out.
The two-headed ogre barely misses you. The two-headed ogre misses you.
Casting: Static Discharge (safe; 1% risk of failure)
Confirm with . or Enter, or press ? or * to list all spells.
The two-headed ogre is struck by an arc of lightning!
The two-headed ogre is severely wounded.
You are struck by an arc of lightning.
The lightning grounds out.
The two-headed ogre misses you. The two-headed ogre barely misses you.
Casting: Static Discharge (safe; 1% risk of failure)
Confirm with . or Enter, or press ? or * to list all spells.
The two-headed ogre is struck by an arc of lightning.
The two-headed ogre is severely wounded.
You are struck by an arc of lightning.
The two-headed ogre is struck by an arc of lightning.
The two-headed ogre is almost dead.
You are struck by an arc of lightning.
The lightning grounds out.
Casting: Static Discharge (safe; 1% risk of failure)
Confirm with . or Enter, or press ? or * to list all spells.
The two-headed ogre is struck by an arc of lightning!
The two-headed ogre is almost dead.
You are struck by an arc of lightning.
* * * LOW HITPOINT WARNING * * *
The lightning grounds out.
* * * LOW HITPOINT WARNING * * *
The two-headed ogre hits you with a +0 giant spiked club!!
You die...

..##########...##..## #.#
..###### ##...##..###.# #######
>..>...#######...#......###......
.......?...####....##.......#####
..######............#.#.##### ##
..# #####..#...)........#####.
###########....>.................
###.........#..†O.....##..#......
....#########...@...............#
.#########....####....#########..
.#####........## ####...## ##.
...............## ##...# #.
.........###.#..## #.#.# #.
......#####..##..#####<<.#### ##
..##### ##.####............## ..#
###..# #########..#..# .##
##....#### #...#.## #


You could see a two-headed ogre (combustible).

Vanquished Creatures
  Pikel (D:5)
  Joseph (D:7)
  Sigmund (D:2)
  3 yaks (D:7)
  A steam dragon (D:8)
  Edmund (D:5)
  2 ice beasts (D:6)
  2 ogres (D:4)
  2 black bears
  A centaur (D:6)
  A lemure (D:5)
  4 kobold brigands
  A bullfrog (D:7)
  A gnoll sergeant (D:6)
  A scorpion (D:4)
  A gnoll bouda (D:7)
  6 hounds
  2 jellies
  An orc priest (D:5)
  Terence (D:3)
  Jessica (D:2)
  6 iguanas
  Natasha (thrice) (D:2)
  2 orc wizards
  Ijyb (D:3)
  13 gnolls
  7 adders
  A white imp (D:7)
  4 ufetubi
  2 worms
  A dart slug (D:4)
  15 orcs
  6 ball pythons
  13 endoplasms
  3 giant cockroaches
  5 goblins
  9 hobgoblins
  28 kobolds
  4 quokkas
  3 bats (D:1)
  A frilled lizard (D:1)
  3 rats
165 creatures vanquished.

Vanquished Creatures (others)
  158 foxfires
158 creatures vanquished.

Grand Total: 323 creatures vanquished

Notes
Turn   | Place    | Note
-------+----------+-------------------------------------------
     0 | D:1      | croobank the Djinni Fire Elementalist began the quest for
                  | the Orb.
     0 | D:1      | croobank set off with the following spells memorised:
                  | Foxfire, Scorch, Conjure Flame, Inner Flame, Flame Wave.
     0 | D:1      | Reached XP level 1. HP: 15/15 MP: 0/0
   310 | D:1      | Reached XP level 2. HP: 18/21 MP: 0/0
  1275 | D:1      | Reached XP level 3. HP: 20/26 MP: 0/0
  1275 | D:1      | Learned a level 1 spell: Magic Dart
  1514 | D:1      | Found a faded altar of an unknown god.
  1892 | D:2      | Noticed Jessica
  1898 | D:2      | Killed Jessica
  1899 | D:2      | Reached skill level 1 in Fighting
  1899 | D:2      | Reached XP level 4. HP: 28/32 MP: 0/0
  1974 | D:2      | Noticed Natasha
  1979 | D:2      | Killed Natasha
  1980 | D:2      | Reached skill level 3 in Dodging
  2059 | D:2      | Noticed Natasha
  2063 | D:2      | Killed Natasha
  2064 | D:2      | Reached XP level 5. HP: 26/38 MP: 0/0
  2064 | D:2      | Learned a level 2 spell: Static Discharge
  2212 | D:2      | Noticed Natasha
  2218 | D:2      | Killed Natasha
  2706 | D:2      | Found a runed translucent door.
  2707 | D:2      | Noticed Crazy Yiuf
  2992 | D:2      | Found Geit's Assorted Antiques.
  3142 | D:3      | Noticed Sigmund
  3144 | D:3      | Noticed Terence
  3162 | D:3      | Gained mutation: You are robust. (+10% HP) [potion of
                  | mutation]
  3162 | D:3      | Gained mutation: You are partially covered in iridescent
                  | scales. (AC +2) [potion of mutation]
  3162 | D:3      | Gained mutation: Your flesh is almost immune to the effects
                  | of heat. (rF+++) [potion of mutation]
  3162 | D:3      | Gained mutation: You possess an exceptional clarity of
                  | mind. [potion of mutation]
  3835 | D:2      | Killed Sigmund
  3836 | D:2      | Reached skill level 4 in Dodging
  3836 | D:2      | Reached XP level 6. HP: 34/49 MP: 0/0
  4135 | D:3      | Killed Terence
  4453 | D:3      | Noticed Ijyb
  4477 | D:3      | Killed Ijyb
  4478 | D:3      | Reached XP level 7. HP: 24/55 MP: 0/0
  4478 | D:3      | Learned a level 3 spell: Stone Arrow
  4478 | D:3      | Found an ornate altar of the Wu Jian Council.
  5130 | D:4      | Found a snail-covered altar of Cheibriados.
  5217 | D:4      | Found a blossoming altar of Fedhas.
  6076 | D:4      | Reached skill level 5 in Dodging
  6076 | D:4      | Reached XP level 8. HP: 54/63 MP: 0/0
  6528 | D:5      | Entered Level 5 of the Dungeon
  6545 | D:5      | Noticed Edmund
  6555 | D:5      | Killed Edmund
  6757 | D:5      | Noticed Pikel
  6779 | D:5      | Killed Pikel
  6780 | D:5      | Reached XP level 9. HP: 44/69 MP: 0/0
  6780 | D:5      | Learned a level 4 spell: Cause Fear
  6943 | D:5      | Found a hide-covered altar of Uskayaw.
  7225 | D:5      | Reached skill level 6 in Dodging
  7297 | D:5      | Reached skill level 5 in Stealth
  7563 | D:6      | Reached skill level 5 in Fighting
  7934 | D:5      | Reached skill level 5 in Spellcasting
  8590 | D:6      | Found Yfaidip's Gadget Gallery.
  8830 | D:6      | Bought a wand of paralysis (3) for 93 gold pieces
  9195 | D:6      | Found a staircase to the Ecumenical Temple.
  9469 | D:7      | Reached skill level 7 in Dodging
  9619 | D:7      | Noticed Joseph
  9633 | D:7      | Killed Joseph
  9634 | D:7      | Reached XP level 10. HP: 20/79 MP: 0/0
 10082 | D:7      | Found a sparkling altar of Nemelex Xobeh.
 10436 | D:8      | Found a staircase to the Lair.
 10498 | Temple   | Entered the Ecumenical Temple
 10902 | D:8      | Identified the +1 buckler of Histrionic Salvation {rC++
                  | Stlth+}
 10919 | D:8      | Noticed a two-headed ogre
 10925 | D:7      | Reached skill level 1 in Shields
 11141 | D:7      | Mangled by a two-headed ogre

Illustrated notes

Levels and vault maps discovered:
D:1:      wander_arrival_abandoned_jail, layout_loops_corners,
          chequers_ecumenical_altar_twisty
D:2:      layout_basic, basic_altar, serial_shops, nicolae_shop_stone,
          uniq_jessica, uniq_crazy_yiuf_cottage, uniq_natasha
D:3:      layout_rooms, mainiacjoe_overflow_tiny_flanked, supply_closet_lemuel,
          uniq_ijyb, uniq_terence, uniq_sigmund
D:4:      minmay_wonky_spiral, layout_basic, marbit_many_paths,
          minmay_misc_feat_roman, minmay_ruined_shrine
D:5:      layout_basic, nicolae_uskayaw_murder_on_the_dancefloor,
          serial_corexii_hall, chequers_hall_statues_wall_a,
          corexii_hall_statues_i, corexii_hall_statues_s, uniq_pikel,
          uniq_edmund
D:6:      layout_rooms, minmay_temple_entry_wispy, minmay_misc_feat_room,
          kennysheep_decorative_pillar, kennysheep_path_1, nicolae_shop_gadgets
D:7:      layout_rooms, nemelex_diamond_rough_becter, uniq_joseph
D:8:      layout_cave_pools, makhleb_grotto_becter,
          chequers_temple_overflow_statue_of_worship, lair_entry_dummy
Temple:   compressed_dpeg_triangle_lava_temple

Skill      XL: |  1  2  3  4  5  6  7  8  9 10 |
---------------+-------------------------------+-----
Stealth        | 2 3 4 6 |  6.4
Fighting       | 1 2 3 4 6 |  6.6
Dodging        | 3 4 5 7 |  7.7
Spellcasting   | 3 4 5 |  5.8
Armour         | 2 3 |  3.0
Shields        | 1 |  1.9

Action                   |  1- 3 |  4- 6 |  7- 9 | 10-12 || total
-------------------------+-------+-------+-------+-------++-------
Melee: Dagger            |    18 |    18 |    43 |     5 ||    84
 Fire: Shortbow          |       |       |    81 |    19 ||   100
 Cast: Foxfire           |    20 |    24 |    42 |     5 ||    91
       Scorch            |    10 |    37 |    88 |    11 ||   146
       Static Discharge  |       |     2 |    18 |     4 ||    24
       Flame Wave        |       |       |     3 |     1 ||     4
       Cause Fear        |       |       |       |     1 ||     1
  Use: Potion            |       |     4 |       |       ||     4
       Scroll            |       |       |    15 |     1 ||    16
 Stab: Sleeping          |     1 |     2 |     9 |       ||    12
Armor: Robe              |     2 |     6 |       |       ||     8
       Leather armour    |       |       |    29 |     3 ||    32
Dodge: Dodged            |     9 |    25 |   104 |    21 ||   159
